 Dungeon Crawl Stone Soup version 0.18.1-1-g2f07953 (webtiles) character file.

350 MDvedh the Cudgeler (level 6, -1/37 HPs)
             Began as a Gargoyle Berserker on May 7, 2016.
             Was an Elder of Trog.
             Killed by nerve-wracking pain
             ... invoked by Grinder
              (9 damage)
             ... while paralysed by Grinder
             ... on level 3 of the Dungeon.
             The game lasted 00:04:38 (3023 turns).

MDvedh the Cudgeler (Gargoyle Berserker)            Turns: 3023, Time: 00:04:39

Health: -1/37      AC:  6    Str: 21    XL:     6   Next: 60%
Magic:  6/6        EV:  2    Int:  8    God:    Trog [****..]
Gold:   202        SH:  0    Dex: 10    Spells: 0 memorised, 5 levels left

rFire  . . .     SeeInvis .     a - +0 mace
rCold  . . .     Gourm    .     b - +0 animal skin
rNeg   + . .     Faith    .     (no shield)
rPois  ∞         Spirit   .     (no helmet)
rElec  +         Dismiss  .     (no cloak)
rCorr  .         Reflect  .     (no gloves)
SustAt .         Harm     .     (no boots)
MR     .....                    (no amulet)
Stlth  +.........               (no ring)
                                (no ring)

@: paralysed, exhausted, slowed, not resistant to hostile enchantments, very
unstealthy
A: negative energy resistance 1, electricity resistance, unbreathing,
petrification resistance, rot immunity, AC +4
a: Berserk, Trog's Hand, Brothers in Arms, Burn Spellbooks, Renounce Religion


You were on level 3 of the Dungeon.
You worshipped Trog.
Trog was greatly pleased with you.
You were near starving.

You visited 1 branch of the dungeon, and saw 3 of its levels.

You collected 202 gold pieces.

Inventory:

Hand Weapons
 a - a +0 mace (weapon)
Armour
 b - a +0 animal skin (worn)
Jewellery
 m - an uncursed ring of positive energy {unknown}
Scrolls
 e - 2 scrolls of remove curse {unknown}
 h - 2 scrolls of identify {unknown}
 j - a scroll of immolation {unknown}
 k - a scroll of fog {unknown}
 n - a scroll of enchant armour {unknown}
Potions
 c - a potion of flight {unknown}
 d - a potion of cure mutation {unknown}
 l - a potion of brilliance {unknown}
 o - a potion of curing
Comestibles
 f - a meat ration
 i - a beef jerky
 p - a bread ration


   Skills:
 - Level 3.2 Fighting
 + Level 7.2 Maces & Flails
 - Level 2.1 Armour
 - Level 1.5 Dodging


You had 5 spell levels left.
You didn't know any spells.

Dungeon Overview and Level Annotations

Branches:
Dungeon (3/15)

Altars:
Okawaru

Annotations:
D:3 Grinder


Innate Abilities, Weirdness & Mutations

You are resistant to torment.
Your stone body is resilient (AC +4).
You are immune to poison.
You resist negative energy.
You are resistant to electric shocks.
You can survive without breathing.
You are immune to petrification.
You are immune to rotting.


Message History

The bat hits you but does no damage.
You feel less woody.
Your +0 animal skin unmelds from your body.
The bat hits you but does no damage.
The jackal bites you but does no damage.
The orc hits you but does no damage. Grinder gestures at you.
You shrug off the repeated paralysis!
The jackal bites you but does no damage.
The bat hits you.
* * * LOW HITPOINT WARNING * * *
The jackal barely misses you. Grinder gestures at you.
You shrug off the repeated paralysis!
The orc hits you but does no damage. The bat hits you but does no damage.
The jackal bites you but does no damage.
The bat hits you but does no damage. Grinder gestures at you.
Pain shoots through your body!
You die...

#...>...# #.......#
......... ........#
## #...........>.#
#.....##.#.####
#.lhb#.......# #
#@##.#.#..
#####l#o5.......
.......!)#.#.## #.
#####.##..(...###.##
#. #)#.#.###...##.#
# #(...........#.#
#)#.#.#....(.#.#
#..###.#.....#.#
#..# #.#.......##


You could see Grinder, an orc, a jackal, a bat and a giant newt.

Vanquished Creatures
  A scorpion (D:3)
  A hound (D:3)
  2 orc priests (D:3)
  Jessica (D:3)
  Ijyb (D:2)
  5 adders
  2 worms
  3 dart slugs
  A giant gecko (D:1)
  15 orcs (D:3)
  8 bats
  4 giant cockroaches
  5 hobgoblins
  8 jackals
  A quokka (D:3)
  2 ball pythons
  A giant newt (D:1)
  11 goblins
  8 kobolds
  16 rats
96 creatures vanquished.

Notes
Turn   | Place    | Note
--------------------------------------------------------------
     0 | D:1      | MDvedh the Gargoyle Berserker began the quest for the Orb.
     0 | D:1      | Reached XP level 1. HP: 14/14 MP: 1/1
    61 | D:1      | Reached XP level 2. HP: 6/19 MP: 2/2
   788 | D:1      | Reached skill level 4 in Maces & Flails
   800 | D:1      | Reached XP level 3. HP: 20/23 MP: 3/3
   814 | D:1      | Reached ** piety under Trog
  1355 | D:2      | Reached XP level 4. HP: 28/28 MP: 4/4
  1521 | D:2      | Found a faded altar to an unknown god.
  1689 | D:2      | Reached skill level 5 in Maces & Flails
  1715 | D:2      | Noticed Ijyb
  1743 | D:2      | Killed Ijyb
  2010 | D:2      | Found an iron altar of Okawaru.
  2217 | D:3      | Reached XP level 5. HP: 32/32 MP: 5/5
  2226 | D:3      | Reached *** piety under Trog
  2484 | D:3      | Noticed Jessica
  2491 | D:3      | Killed Jessica
  2491 | D:3      | Reached skill level 6 in Maces & Flails
  2554 | D:3      | Reached XP level 6. HP: 11/37 MP: 6/6
  2978 | D:3      | Noticed Grinder
  2994 | D:3      | Reached skill level 7 in Maces & Flails
  2994 | D:3      | Paralysed by Grinder for 6 turns
  3002 | D:3      | Reached **** piety under Trog
  3018 | D:3      | Paralysed by Grinder for 7 turns
  3023 | D:3      | Killed from afar by Grinder

Skill      XL: |  1  2  3  4  5  6 |
---------------+-------------------+-----
Maces & Flails | 4 5 6 7 |  7.2
Fighting       | |  3.2
Armour         | |  2.1
Dodging        | |  1.5

Action                   |  1- 3 |  4- 6 || total
-------------------------+-------+-------++-------
Melee: Mace              |   115 |   210 ||   325
Invok: Berserk           |     2 |     3 ||     5
  Use: Potion            |       |     2 ||     2
 Stab: Sleeping          |     1 |       ||     1
  Eat: Chunk             |     1 |     5 ||     6
       Bread ration      |     1 |       ||     1
Armor: Animal skin       |    56 |    81 ||   137
       Skin              |       |    65 ||    65
Dodge: Dodged            |   111 |   154 ||   265
